 Dungeon Crawl Stone Soup version 0.22.0-36-g8e74550 (webtiles) character file.

2569 iamserjio the Grappler (level 9, -13/83 HPs)
             Began as a Troll Fighter on Aug 24, 2018.
             Was an Elder of Cheibriados.
             Mangled by an orc warlord
             ... wielding a +0 dire flail
              (32 damage)
             ... on level 9 of the Dungeon.
             The game lasted 00:15:40 (2081 turns).

iamserjio the Grappler (Troll Fighter)              Turns: 2081, Time: 00:15:41

Health: -13/83     AC:  5    Str: 40    XL:     9   Next: 31%
Magic:  8/8        EV: 10    Int: 16    God:    Cheibriados [****..]
Gold:   162        SH: 13    Dex: 21    Spells: 8/8 levels left

rFire    . . .     SeeInvis .     - Unarmed
rCold    . . .     Gourm    +   b - +0 shield
rNeg     . . .     Faith    .   a - +0 robe
rPois    .         Spirit   .   (helmet restricted)
rElec    .         Reflect  .   (no cloak)
rCorr    .         Harm     .   (gloves unavailable)
MR       .....                  (boots unavailable)
Stlth    ++........             (no amulet)
HPRegen  0.63/turn              (no ring)
MPRegen  0.11/turn              k - +3 ring of dexterity

@: mighty, very slow
A: large, unfitting armour, claws 3, fast metabolism 3, gourmand, regeneration
1, shaggy fur 1, tough skin 2
a: Bend Time, Temporal Distortion, Slouch, Renounce Religion


You were on level 9 of the Dungeon.
You worshipped Cheibriados.
Cheibriados was greatly pleased with you.
You were completely stuffed.

You visited 3 branches of the dungeon, and saw 11 of its levels.

You collected 162 gold pieces.

Inventory:

Hand Weapons
 n - a +2 flail of protection
 s - a +3 trident
 u - a +4 morningstar
Missiles
 C - 3 tomahawks (quivered)
Armour
 a - a +0 robe (worn)
 b - a +0 shield (worn)
Jewellery
 h - an uncursed ring of ice
 k - a +3 ring of dexterity (right claw)
 l - an uncursed ring of resist corrosion {unknown}
 o - an uncursed ring of poison resistance {unknown}
 q - an uncursed ring of protection from magic {unknown}
 t - an uncursed ring of protection from cold {unknown}
 z - an uncursed amulet of the gourmand {unknown}
Wands
 r - a wand of digging (4)
Scrolls
 e - 2 scrolls of fog
 g - 2 scrolls of teleportation
 j - a scroll of random uselessness {unknown}
 p - a scroll of enchant weapon
 v - a scroll of enchant armour {unknown}
 w - a scroll of silence {unknown}
 y - a scroll of blinking {unknown}
 A - a scroll of magic mapping {unknown}
 B - a scroll of amnesia {unknown}
Potions
 c - a potion of lignification {unknown}
 i - a potion of heal wounds
 m - a potion of flight
 x - 2 potions of brilliance {unknown}
Comestibles
 d - 12 rations
 D - 2 chunks of flesh


   Skills:
 + Level 3.2 Fighting
 - Level 2.4 Dodging
 + Level 6.4 Shields
 * Level 10.2 Unarmed Combat
 + Level 1.2 Invocations


You had 8 spell levels left.
You didn't know any spells.
Your spell library contained the following spells:

 Spells                   Type           Power        Failure   Level  Hunger
 Animate Skeleton         Necr           N/A          41%         1    ##.....
 Apportation              Tloc           #.....       41%         1    ##.....
 Confusing Touch          Hex            #.....       41%         1    ##.....
 Magic Dart               Conj           #...         41%         1    ##.....
 Summon Small Mammal      Summ           #...         41%         1    ##.....
 Searing Ray              Conj           #.....       54%         2    ###....
 Dazzling Spray           Conj/Hex       #.....       78%         3    ####...
 Force Lance              Conj/Tloc      #.......     99%         4    #####..
 Fulminant Prism          Conj/Hex       #.........   99%         4    #####..
 Iskenderun's Mystic Bla  Conj           #.......     99%         4    #####..


Dungeon Overview and Level Annotations

Branches:
Dungeon (9/15)             Temple (1/1) D:4            Lair (0/6) D:8
    Orc (1/2) D:9

Altars:
Cheibriados
Gozag
Nemelex Xobeh
Ru
Trog
Uskayaw
The Shining One
Beogh


Innate Abilities, Weirdness & Mutations

You are too large for most types of armour.
You have claws for hands.
Your metabolism is lightning-fast.
You like to eat raw meat.
Your natural rate of healing is unusually fast.
You are covered in fur. (AC +1)
You have very tough skin. (AC +2)


Message History

You closely miss the orc.
The orc priest mumbles some strange prayers to Beogh against you.
Pain shoots through your body!
* * * LOW HITPOINT WARNING * * *
The orc closely misses you. You block the orc's attack.
You block the orc's attack.
The orc warlord roars a battlecry!
The orcs go into a battle-frenzy!
You block the orc's attack.
You climb upwards.
Welcome back to the Dungeon!
There is a staircase to the Orcish Mines here.
Okay, then.
You fail to use your ability.
You block the orc's attack. You block the orc warrior's attack.
The orc hits you.
* * * LOW HITPOINT WARNING * * *
The orc warlord unwields an uncursed arbalest.
The orc warlord wields an uncursed dire flail.
The orc warlord hits you with an uncursed dire flail!!
You die...

##................
###..(.....#######
...........#.....#
.........).8.....#
######..)..'.....#
##....8..⌠..# #.
#.)#.#.....# #.
###))#.#....o#
#.###.#.##.#8._o@#
..#...)[##.#...oo#
......>.##.#.....#
.........#.8).⌠..#
...........')....#
...........8.....#
.....#..##.#.....#
....#..###.#######
......## ###


You could see an orc warlord, an orc warrior and 2 orcs.

Vanquished Creatures
  A water moccasin (D:7)
  A black bear (D:6)
  3 orc warriors
  2 ogres
  A big kobold (D:7)
  4 bullfrogs
  5 killer bees (D:8)
  10 wights
  A crimson imp (D:8)
  3 hounds
  9 orc priests
  2 bullfrog skeletons
  7 orc wizards
  An iguana (D:6)
  3 worker ants
  12 gnolls
  2 adders (D:3)
  A shadow imp (D:6)
  An adder zombie (D:9)
  An adder skeleton (D:7)
  A worm (D:4)
  2 leopard geckos
  40 orcs
  A goblin (D:3)
  2 hobgoblins (D:3)
  8 jackals
  6 kobolds
  A quokka (D:5)
  2 bats (D:3)
  A quokka zombie (D:6)
  A rat (D:3)
135 creatures vanquished.

Notes
Turn   | Place    | Note
-------+----------+-------------------------------------------
     0 | D:1      | iamserjio the Troll Fighter began the quest for the Orb.
     0 | D:1      | Reached XP level 1. HP: 22/22 MP: 0/0
    93 | D:3      | Reached XP level 2. HP: 9/29 MP: 1/1
   107 | D:3      | Reached skill level 3 in Unarmed Combat
   107 | D:3      | Reached XP level 3. HP: 20/36 MP: 2/2
   122 | D:3      | Reached XP level 4. HP: 11/44 MP: 3/3
   216 | D:3      | Reached skill level 4 in Unarmed Combat
   339 | D:4      | Found a staircase to the Ecumenical Temple.
   346 | Temple   | Entered the Ecumenical Temple
   357 | Temple   | Became a worshipper of Cheibriados the Contemplative
   425 | D:4      | Reached XP level 5. HP: 40/50 MP: 4/4
   498 | D:5      | Entered Level 5 of the Dungeon
   651 | D:5      | Noticed an ogre
   664 | D:5      | Killed an ogre
   664 | D:5      | Reached skill level 5 in Unarmed Combat
   664 | D:5      | Reached XP level 6. HP: 21/59 MP: 5/5
   785 | D:7      | Reached skill level 6 in Unarmed Combat
   797 | D:7      | Reached XP level 7. HP: 42/67 MP: 6/6
   876 | D:6      | Reached * piety under Cheibriados
   909 | D:6      | Reached skill level 7 in Unarmed Combat
  1181 | D:6      | Reached XP level 8. HP: 73/75 MP: 7/7
  1202 | D:6      | Reached ** piety under Cheibriados
  1202 | D:6      | Reached skill level 5 in Shields
  1351 | D:7      | Reached skill level 8 in Unarmed Combat
  1562 | D:8      | Reached skill level 9 in Unarmed Combat
  1647 | D:7      | Found a bloodstained altar of Trog.
  1647 | D:7      | Found a glowing golden altar of the Shining One.
  1776 | D:8      | Reached *** piety under Cheibriados
  1792 | D:8      | Reached XP level 9. HP: 61/81 MP: 8/8
  1863 | D:8      | Found a staircase to the Lair.
  1933 | D:9      | Reached skill level 10 in Unarmed Combat
  2006 | D:9      | Reached **** piety under Cheibriados
  2016 | D:9      | Reached skill level 1 in Invocations
  2031 | D:9      | Found a roughly hewn altar of Beogh.
  2033 | D:9      | Found a staircase to the Orcish Mines.
  2073 | Orc:1    | Entered Level 1 of the Orcish Mines
  2073 | Orc:1    | Noticed an orc warlord
  2073 | Orc:1    | Noticed a troll
  2081 | D:9      | Mangled by an orc warlord

Skill      XL: |  1  2  3  4  5  6  7  8  9 |
---------------+----------------------------+-----
Unarmed Combat | 3 4 5 6 7 9 10 | 10.2
Shields        | 3 4 6 |  6.4
Fighting       | 3 |  3.2
Invocations    | 1 |  1.2
Dodging        | |  2.4

Action                   |  1- 3 |  4- 6 |  7- 9 || total
-------------------------+-------+-------+-------++-------
Melee: Unarmed           |    14 |   115 |   228 ||   357
  Use: Potion            |     1 |       |     4 ||     5
       Scroll            |       |       |     6 ||     6
 Stab: Sleeping          |     1 |       |     1 ||     2
  Eat: Chunk             |       |     5 |    17 ||    22
Armor: Robe              |     2 |    22 |    31 ||    55
Dodge: Dodged            |     6 |    22 |    76 ||   104
Block: Shield            |     7 |    31 |   132 ||   170
